 Dungeon Crawl Stone Soup version 0.31.0-10-gcf4a605ca0 (webtiles) character file.

Game seed: 3044722699470667720

175 Sobieck the Conjurer (level 5, -1/28 HPs)
             Began as a Deep Elf Conjurer on Jan 25, 2024.
             Killed from afar by Duvessa (21 damage)
             ... with a bolt of dispelling energy
             ... on level 4 of the Dungeon.
             The game lasted 00:06:04 (3419 turns).

Sobieck the Conjurer (Deep Elf Conjurer)            Turns: 3419, Time: 00:06:05

Health: -1/28      AC:  5    Str:  4    XL:     5   Next: 29%
Magic:  8/13       EV: 12    Int: 25    God:
Gold:   123        SH:  0    Dex: 13    Spells: 6/13 levels left

rFire   . . .        d - staff of conjuration
rCold   . . .        (no shield)
rNeg    . . .        a - +0 robe
rPois   .            k - +0 helmet
rElec   .            e - +0 cloak
rCorr   .            j - +0 pair of gloves
SInv    .            (no boots)
Will    .....        (no amulet)
Stlth   ++           (no ring)
HPRegen 0.24/turn    (no ring)
MPRegen 0.13/turn

%: no passive effects
@: no status effects
A: no striking features
a: no special abilities


You were on level 4 of the Dungeon.
You visited 1 branch of the dungeon, and saw 4 of its levels.

You collected 123 gold pieces.

Inventory:

Armour
 a - a +0 robe (worn)
 e - a +0 cloak (worn)
 f - an orb of energy
 j - a +0 pair of gloves (worn)
 k - a +0 helmet (worn)
Magical Staves
 d - a staff of conjuration (weapon)
Jewellery
 q - an amulet of faith
Wands
 m - a wand of quicksilver (12)
 E - a wand of charming (9)
Scrolls
 i - a scroll of blinking {unknown}
 n - a scroll of vulnerability {unknown}
 p - a scroll of enchant armour {unknown}
Potions
 b - a potion of magic
 c - a potion of degeneration {unknown}
 h - 3 potions of curing {unknown}
 l - a potion of haste {unknown}
 o - a potion of invisibility {unknown}
 r - a potion of attraction {unknown}


   Skills:
 - Level 2.4 Dodging
 - Level 2.4 Stealth
 + Level 4.5 Spellcasting
 * Level 6.0 Conjurations
 + Level 2.5 Alchemy


You had 6 spell levels left.
You knew the following spells:

 Your Spells              Type           Power      Damage    Failure   Level
a - Magic Dart            Conj           100%       1d8       1%          1
b - Searing Ray           Conj           100%       2d8       1%          2
c - Fulminant Prism       Conj/Alch      20%        3d12      14%         4

Your spell library contained the following spells:

 Spells                   Type           Power      Damage    Failure   Level
 Shock                    Conj/Air       100%       1d9       2%          1
 Summon Small Mammal      Summ           20%        N/A       9%          1
 Call Canine Familiar     Summ           5%         N/A       26%         3
 Inner Flame              Hex/Fire       5%         N/A       26%         3
 Swiftness                Air            5%         N/A       26%         3
 Flame Wave               Conj/Fire      31%        2d9       26%         4
 Iskenderun's Mystic Bla  Conj/Tloc      31%        2d8       26%         4
 Sticky Flame             Fire/Alch      12%        2d5       45%         4
 Airstrike                Air            2%         2d(1-17)  65%         4
 Passage of Golubria      Tloc           5%         N/A       65%         4
 Summon Blazeheart Golem  Fire/Summ      5%         N/A       65%         4
 Silence                  Hex/Air        2%         N/A       94%         5
 Lehudib's Crystal Spear  Conj/Erth      15%        10d5      100%        8


Dungeon Overview and Level Annotations

Branches:
Dungeon (4/15)
 Temple: D:4-7

Altars:

Annotations:
D:4 Dowan, Duvessa


Message History

You shout for attention!
You hear a shout!
Unknown command.
Unknown command.
You start resting.
Duvessa is nearby!
Danger!
Unknown command.
What are your orders? t - Shout!
Orders for allies: a - Attack new target. r - Retreat! s - Stop attacking. g - Guard the area. f - Follow me.
Anything else - Cancel.
You shout for attention!
You hear a shout!
Danger!
You see here a jackal corpse.
Danger!
You see here a jackal corpse.
Unknown command.
Unknown command.
Unknown command.
Duvessa zaps a wand.
The bolt of dispelling energy hits you!
Danger!
Danger!
Danger!
There is a stone staircase leading up here.
Unknown command.
Casting: Magic Dart (safe; 1% risk of failure)
Confirm with . or Enter, or press ? or * to list all spells.
Aiming: Searing Ray (safe; 1% risk of failure)
Press: ? - help, Shift-Dir - straight line, f - Duvessa
Aim: Duvessa, wielding a +0 short sword, wearing a +2 leather armour of willpower and carrying a wand of quicksilver (85% to hit)
You feel a surge of power!
The searing ray hits Duvessa.
Duvessa is lightly wounded. (Press . to maintain the ray.)
The searing ray hits Duvessa!
Duvessa is moderately wounded.
Duvessa says, "Where magic fails, the sword succeeds!"
Duvessa zaps a wand.
The bolt of dispelling energy misses you.
The searing ray hits Duvessa!
Duvessa is heavily wounded.
Duvessa gestures with her weapon.
The searing ray hits Duvessa but does no damage.
Duvessa is heavily wounded.
You finish channelling your searing ray.
Duvessa zaps a wand.
The bolt of dispelling energy hits you!!
Ouch! That really hurt!
You die...

#....e.†..# .e #.#########
.. #.# .# #e##### o#######
#...e.# ......# #####.#
#...#.# #.# #.....#
#.#################.#.#..#
#......e.@#.........# #
###########.........#Y#
#.[.......#.#
#...........#
#.........###.#
#.............#
#........###### #........#
#........#


You could see Duvessa.

Vanquished Creatures
  An iguana (D:3)
  Ijyb (D:3)
  Robin (D:2)
  4 adders
  A dart slug (D:1)
  3 ribbon worms (D:2)
  An orc (D:4)
  3 ball pythons
  7 endoplasms
  A giant cockroach (D:3)
  6 goblins
  12 hobgoblins
  5 jackals
  4 quokkas
  4 bats
  2 frilled lizards (D:1)
  4 kobolds
  2 rats
62 creatures vanquished.

Notes
Turn   | Place    | Note
-------+----------+-------------------------------------------
     0 | D:1      | Sobieck the Deep Elf Conjurer began the quest for the Orb.
     0 | D:1      | Reached XP level 1. HP: 10/10 MP: 6/6
   211 | D:1      | Reached XP level 2. HP: 15/15 MP: 1/8
   214 | D:1      | Learned a level 2 spell: Searing Ray
   489 | D:1      | Reached skill level 1 in Alchemy
  1028 | D:1      | Reached skill level 5 in Conjurations
  1143 | D:2      | Reached XP level 3. HP: 19/19 MP: 3/10
  1586 | D:2      | Noticed Robin
  1592 | D:2      | Killed Robin
  1803 | D:2      | Reached XP level 4. HP: 24/24 MP: 8/11
  2459 | D:3      | Noticed Ijyb
  2472 | D:3      | Killed Ijyb
  2868 | D:3      | Reached XP level 5. HP: 28/28 MP: 8/13
  3052 | D:3      | Reached skill level 6 in Conjurations
  3170 | D:4      | Noticed Dowan
  3170 | D:4      | Noticed an ice beast
  3209 | D:4      | Learned a level 4 spell: Fulminant Prism
  3326 | D:4      | Noticed Duvessa
  3419 | D:4      | Killed from afar by Duvessa

Illustrated notes

Levels and vault maps discovered:
D:1:      arrival_zaba_pyramid, layout_loops_ring, minmay_cut_off
D:2:      layout_loops_ring, uniq_robin
D:3:      layout_loops_ring, uniq_ijyb
D:4:      layout_basic, gammafunk_ghost_split, kennysheep_path_1, uniq_grinder,
          uniq_sigmund, uniq_duvessa

Skill      XL: |  1  2  3  4  5 |
---------------+----------------+-----
Alchemy        | 1 2 |  2.5
Conjurations   | 5 6 |  6.0
Spellcasting   | 4 |  4.5
Dodging        | |  2.4
Stealth        | |  2.4

Action                     |  1- 3 |  4- 6 || total
---------------------------+-------+-------++-------
   Cast: Magic Dart        |    63 |    32 ||    95
         Searing Ray       |     6 |     9 ||    15
    Use: Scroll            |       |     3 ||     3
 Armour: Robe              |     3 |    11 ||    14
  Dodge: Dodged            |     9 |     5 ||    14
